[Event "Lliga Catalana 2024"]
[Site "Catalonia"]
[Date "2024.01.20"]
[Round "1.1"]
[White "Peralta, Fernando"]
[Black "Aroshidze, Levan"]
[Result "1/2-1/2"]
[ECO "E48"]
[WhiteElo "2568"]
[BlackElo "2538"]
[Annotator "TA"]
[PlyCount "51"]
[EventDate "2024.01.18"]
[EventType "team-tourn"]
[EventCountry "ESP"]
[SourceTitle "playchess.com"]
[Source "ChessBase"]
[SourceQuality "1"]
[TimeControl "5400+30"]

1. d4 Nf6 2. c4 e6 3. Nc3 Bb4 4. e3 O-O 5. Bd3 d5 6. cxd5 exd5 7. Nge2 Re8 8. Bd2 {[%emt 0:00:28] E48: Nimzo-Indian: Rubinstein: 5 Bd3 d5 including 6 Ne2, but excluding 6 a3.} Bd6 9. Rc1 a6 {[%emt 1:32:37] Prevents Nb5} 10. O-O {[%emt 0:00:30] The position is equal.} Nbd7 11. Nf4 c6 12. f3 b5 {[%emt 0:00:30] [#]} 13. g4 $146 ({Predecessor:} 13. Nce2 c5 14. dxc5 Bxc5 15. Nd4 Qb6 16. Nc2 b4 17. Qe1 a5 18. Qf2 Ne5 19. Rfd1 {0-1 Nakhbayeva,G (2295)-Goryachkina,A (2504) WchT (Women) 12th 2019 (1.4)}) 13... Nb6 14. b3 {Wards off Nc4} Nfd7 15. Nce2 Bb7 16. Qe1 c5 17. dxc5 Nxc5 18. Bb1 Nbd7 19. Qf2 g6 20. Rcd1 Qe7 21. Bc1 Nb6 22. Rfe1 b4 23. Nd4 a5 {[%emt 0:00:30] [#]} 24. Ba3 $2 Be5 $2 ({Black should try} 24... bxa3 $19 25. Nb5 Be5) 25. Bb2 $11 Ba6 $2 {[%emt 0:00:30][%mdl 8192] [#]} (25... a4 $11) 26. Nb5 $4 {[%emt 0:00:00][%mdl 40960] Weighted Error Value: White=0.38/Black=0.58. An unexpected result.} 1/2-1/2

[Event "Lliga Catalana 2024"]
[Site "Catalonia"]
[Date "2024.03.09"]
[Round "1.1"]
[White "Edouard, Romain"]
[Black "De La Riva Aguado, Oscar"]
[Result "1-0"]
[ECO "C02"]
[WhiteElo "2523"]
[BlackElo "2439"]
[Annotator "TA"]
[PlyCount "69"]
[EventDate "2024.01.18"]
[EventType "team-tourn"]
[EventCountry "ESP"]
[SourceTitle "playchess.com"]
[Source "ChessBase"]
[SourceQuality "1"]
[TimeControl "5400+30"]

1. e4 e6 2. d4 d5 3. e5 c5 4. c3 Nc6 5. Nf3 Bd7 6. Be2 f6 7. O-O fxe5 8. Nxe5 Nxe5 9. dxe5 Qc7 10. Re1 O-O-O 11. Bf1 Ne7 12. a4 Ng6 13. Na3 c4 {[%emt 0:00:09][%cal Of8c5] Weiß steht etwas besser.} 14. Nb5 Bxb5 15. axb5 Bc5 16. Be3 Ne7 (16... Rhf8 $11 {scheint genauer.}) 17. b3 $14 cxb3 18. Qxb3 {[%emt 0:00:37] Rxa7 wäre nun fies.} Kb8 19. Qa2 Bxe3 20. Rxe3 Nc8 21. c4 Rhf8 22. cxd5 Rxd5 23. Bc4 Rxe5 (23... Rc5 $1 $14 24. b6 (24. Bxe6 Rc1+ 25. Re1 Rc2 $16) 24... Qxb6) 24. b6 $1 $16 ({Minderwertig wäre} 24. Bxe6 Rxe3 25. fxe3 Qc5 26. Bxc8 Qxe3+ (26... Rxc8 27. h3 $15) 27. Kh1 Rxc8 $17) 24... Qd6 (24... Qc5 $16) 25. bxa7+ $18 Ka8 26. Rb3 ({Schwächer ist} 26. Bxe6 Rxe3 27. fxe3 Qd3 $16) 26... Rf7 27. Be2 {[%emt 0:12:41] Und jetzt Qb2 wäre schön.} Rc5 28. Bf3 {[%emt 0:01:08][%cal Ob3b7] Verhindert Qc6. jetzt Rxb7! und aus.} Rcc7 29. Qb1 {[%emt 0:05:43][%cal Ob3b7] Beabsichtigt Rxb7! und Matt.} Qe7 30. Qxh7 $40 {[%emt 0:00:43][%mdl 128] Droht stark Qg8. Weiss hat starken Angriff.} Qc5 (30... Rf8 {ist eine bessere Verteidigung.} 31. Qd3 e5) 31. h3 {[%emt 0:00:47] Droht Qg8 und aus.} Rfe7 $2 (31... Qf8 32. Qe4 Nd6) 32. Qg8 {[%emt 0:01:01] Qf8 ist eine echte Drohung.} e5 33. Be4 Rf7 {[%emt 0:00:15] [#]} 34. Bxb7+ $1 Rxb7 {[%emt 0:00:05] [#]} 35. Qxf7 $3 {[%emt 0:00:03][%mdl 512] Gewichteter Fehlerwert: Weiß=0.30/Schwarz=0.79.  Fehler:       	---       	Schwarz=5     Ungenau:       	Weiß=3     	Schwarz=5     OK:         	Weiß=7     	Schwarz=7     Bester:       	Weiß=3     	Schwarz=1     Stark:        	Weiß=1     	---} 1-0

[Event "Lliga Catalana 2024"]
[Site "Catalonia"]
[Date "2024.01.20"]
[Round "1.1"]
[White "Ayats Llobera, Gerard"]
[Black "Cuartas, Jaime Alexander"]
[Result "1-0"]
[ECO "E48"]
[WhiteElo "2426"]
[BlackElo "2526"]
[Annotator "TA"]
[PlyCount "113"]
[EventDate "2024.01.18"]
[EventType "team-tourn"]
[EventCountry "ESP"]
[SourceTitle "playchess.com"]
[Source "ChessBase"]
[SourceQuality "1"]
[TimeControl "5400+30"]

1. d4 Nf6 2. c4 e6 3. Nc3 Bb4 4. e3 d5 5. cxd5 exd5 6. Bd3 O-O 7. Nge2 Re8 8. Bd2 {[%emt 0:00:07] E48: Nimzo-Indian: Rubinstein: 5 Bd3 d5 including 6 Ne2, but excluding 6 a3.} a6 9. O-O Bd6 10. Rc1 {[%emt 0:04:04] The position is equal.} b6 11. Nf4 {[%emt 0:07:23] [#]} c5 $146 (11... Bb7 $11) ({Predecessor:} 11... Bb7 12. Qf3 c5 13. Rfd1 Bxf4 14. Qxf4 c4 15. Bb1 b5 16. f3 Nc6 17. g4 g6 {0-1 Gledura,B (2652)-Matlakov,M (2674) Chess.com Rapid Wk6 Swiss 2022 (1)}) 12. Ncxd5 (12. Nfxd5 {keeps more tension.} Nxd5 13. Nxd5 Bb7 14. e4) 12... Nxd5 13. Nxd5 {[%emt 0:00:13] Qh5 is the strong threat.} Bxh2+ {[%emt 0:00:10][%mdl 64] Discovered Attack} 14. Kxh2 Qxd5 15. Bc4 Qd6+ 16. Kg1 Bb7 (16... Nc6 $142) 17. Qh5 $16 Re7 {[%emt 0:07:38] [#]} 18. dxc5 Qc6 (18... Qxd2 $2 19. Rcd1 $18 (19. cxb6 $2 Nd7 $19) (19. cxb6 $2 Nd7 $19)) (18... bxc5 {is a better defense.} 19. Bc3 Nd7) 19. f3 {[%emt 0:01:03] And now Qg5 would win.} Nd7 20. Qg5 {[%emt 0:14:26] Against Ne5} Nf6 (20... Rae8 $142 21. Bc3 Qg6 22. Qxg6 hxg6 23. cxb6 Nxb6) 21. Bc3 $40 {[%emt 0:03:38][%mdl 128] White has strong attack.} h6 22. Qh4 bxc5 23. e4 Rae8 (23... Rd7 {was called for.} 24. Rfd1 Rad8 25. Rxd7 Rxd7) 24. Rfd1 Nd7 $2 (24... Bc8 25. Bb3 Qb6 26. Bxf6 Qxf6 27. Qxf6 gxf6 28. Rxc5 Re5) 25. Qg3 Ne5 26. Bd5 {[%emt 0:00:41] This pair of bishops is nice.} Qb6 27. Bxb7 c4+ 28. Kh2 Qxb7 {[%emt 0:00:14] [#]} 29. f4 $1 Ng6 30. f5 Qxe4 31. fxg6 fxg6 32. Rd6 Kh7 33. Rxa6 Qf5 34. Ra5 Qd7 35. Rc5 Qa7 36. Rc6 g5 37. Rxc4 Qxa2 38. Rc7 Qf7 39. Rxe7 Rxe7 40. Qd3+ Kg8 41. Rf1 {[%emt 0:00:00] Prevents Qf4+} Qh5+ 42. Kg1 Qe8 43. Qd5+ Kh7 44. Bb4 Rd7 45. Qf5+ g6 (45... Kg8 $142 46. Bc5 Rd8) 46. Qf2 {[%emt 0:00:30] aiming for Qc5.} g4 47. Bc3 h5 48. Qf6 {[%emt 0:00:30] Strongly threatening Qg5.} Qe3+ 49. Kh1 Qe8 50. Qg5 Rd3 51. Bd2 Kg8 52. Rf6 Kg7 53. Ra6 Qe4 54. Qh6+ Kf7 55. Ra7+ $2 (55. Qh7+ {mates} Ke8 56. Qg8+ (56. Qxg6+ Qxg6 57. Rxg6 Kf7 $11) 56... Kd7 57. Ra7+ (57. Qxg6 Qxg6 58. Rxg6 Rxd2 $11) 57... Kd6 58. Qd8+ Kc5 59. Ra5+ Kc6 60. Ra6+ Kc5 61. Qb6+ Kc4 62. Ra4+ (62. Qxg6 Qxg6 63. Rxg6 Rxd2 $11) 62... Kd5 63. Ra5+ Kc4 64. Qb4#) 55... Ke6 56. Ra6+ $2 (56. Ra3 $18 {Threatens to win with Qg5.} Rh3+ 57. Kg1 Qb1+ 58. Bc1 Rxa3 59. bxa3) 56... Kd5 $2 (56... Kf7 $11) 57. Qg5+ {[%emt 0:00:30] Weighted Error Value: White=0.11 (very precise) /Black=0.36} ({Stronger than} 57. Rxg6 Rh3+ 58. Kg1 Qd4+ 59. Kf1 Qd3+ 60. Kg1 Qd4+ 61. Kf1 Qd3+ 62. Kg1 Qd4+ $11) 1-0

[Event "Lliga Catalana 2024"]
[Site "Catalonia"]
[Date "2024.01.20"]
[Round "1.2"]
[White "Alsina Leal, Daniel"]
[Black "Aloma Vidal, Robert"]
[Result "1-0"]
[ECO "C60"]
[WhiteElo "2495"]
[BlackElo "2446"]
[Annotator "RC"]
[PlyCount "107"]
[EventDate "2024.01.18"]
[EventType "team-tourn"]
[EventCountry "ESP"]
[SourceTitle "playchess.com"]
[Source "ChessBase"]
[SourceQuality "1"]
[TimeControl "5400+30"]

1. e4 e5 2. Nf3 Nc6 3. Bb5 Nge7 4. O-O Ng6 5. c3 a6 6. Ba4 b5 7. Bc2 Be7 8. d4 d6 9. Be3 O-O 10. Nbd2 Kh8 11. d5 Nb8 12. a4 Bb7 13. axb5 axb5 14. Qe2 b4 15. Qb5 Ba6 16. Qxb4 c5 17. Qa5 Qc8 18. c4 Nd7 19. Qc3 Nf6 20. Ra5 Bd8 21. Ra4 Rb8 22. Rfa1 Bb7 23. b4 cxb4 24. Rxb4 Ra8 25. Rxa8 Bxa8 26. Qa3 Ng4 27. Bb6 Nf4 28. Bxd8 Rxd8 29. Rb6 Qc7 30. Qb4 f5 31. h3 Nf6 32. Kh2 h6 33. Nh4 fxe4 34. Bxe4 Qd7 35. Rb8 Qe8 36. Rxd8 Qxd8 37. Ng6+ Kg8 38. Nxf4 exf4 39. Bg6 Qc7 40. Qa4 Bb7 41. Ne4 Nd7 42. Bf5 Bc8 43. Qc6 Qxc6 44. dxc6 Nb6 45. Nxd6 Bxf5 46. Nxf5 Na8 47. Ne7+ Kf7 48. Nd5 Ke6 49. h4 Kd6 50. c7 Nxc7 51. Nxc7 Kxc7 52. h5 Kd6 53. Kh3 f3 54. gxf3 1-0

[Event "Lliga Catalana 2024"]
[Site "Catalonia"]
[Date "2024.03.09"]
[Round "1.2"]
[White "Fluvia Poyatos, Jordi"]
[Black "Panelo Munoz, Marcelo A."]
[Result "1-0"]
[ECO "C45"]
[WhiteElo "2435"]
[BlackElo "2327"]
[Annotator "TA"]
[PlyCount "77"]
[EventDate "2024.01.18"]
[EventType "team-tourn"]
[EventCountry "ESP"]
[SourceTitle "playchess.com"]
[Source "ChessBase"]
[SourceQuality "1"]
[TimeControl "5400+30"]

1. e4 e5 2. Nf3 Nc6 3. d4 exd4 4. Nxd4 Bc5 5. Be3 Qf6 6. c3 Nge7 7. Bb5 Nxd4 8. cxd4 Bb4+ 9. Nc3 c6 {[%emt 0:05:36] Weiß steht etwas besser.} 10. Bd3 d5 11. O-O O-O 12. Qc2 Bxc3 13. e5 ({Natürlich nicht} 13. Qxc3 $6 dxe4 14. Bxe4 Rd8 $11) 13... Qh4 14. bxc3 f6 15. f4 fxe5 (15... Qh5 $14) 16. dxe5 $16 Bf5 17. Bc5 $36 {[%emt 0:02:18][%mdl 2048] [#] Und g3 würde nun gewinnen. Weiss bestimmt, wo es lang geht.} Rf7 {[%emt 0:02:39] Schwarz hat schwache schwarze Felder} 18. g3 Qh6 19. Rae1 ({Vorzuziehen ist} 19. Bxe7 $16 Bxd3 20. Qxd3 Rxe7 21. Rae1) 19... Bxd3 20. Qxd3 {[%emt 0:00:06] Weiß behält die Zügel nun fest in der Hand.} Qe6 21. Bxe7 Qxe7 22. f5 {[%emt 0:03:03] Weiß steht aktiver.} Rd8 23. e6 Rf6 24. g4 {[%emt 0:00:31][%cal Bg3g4,Bg4f5][%mdl 32] [#] Zielt auf g5 ab.} Rff8 (24... g6 $16 {kämpft weiter.} 25. Kh1 b6) 25. Qg3 $18 {[%emt 0:02:29] g5 ist eine echte Drohung.} h6 (25... g6 26. Qe5 Rf6) 26. h4 g6 27. Qf4 {[%emt 0:05:25] Und jetzt f6 wäre schön.} ({Weniger gut wäre} 27. fxg6 Rxf1+ 28. Kxf1 Rf8+ 29. Kg2 Rf6 $18) 27... gxf5 28. gxf5 {[%emt 0:02:45][%cal Of5f6] Beabsichtigt f6! und Matt.} Rf6 29. Re3 Rdf8 30. Qe5 Kh7 31. Rg3 Rg8 32. Rxg8 Kxg8 {[%emt 0:00:05] KQR-KQR} 33. Rf3 (33. Rf2 $142 Kf8 34. Rg2 Qd8 35. e7+ Qxe7 36. Qb8+ Qe8 37. Rg8+ (37. Qxa7 $2 Rxf5 38. Qa3+ Kf7 $19) 37... Kxg8 38. Qxe8+ Rf8 39. Qg6+ Kh8 40. Qxh6+ Kg8 41. Qg6+ Kh8 42. Kh2) 33... Kh7 34. Rg3 {[%emt 0:00:37] Weiß setzt Matt.} d4 35. cxd4 a5 36. h5 Rf8 37. Rg6 Rd8 38. f6 Qb4 39. Qc7+ {[%emt 0:00:15] Gewichteter Fehlerwert: Weiß=0.06 (makellos) /Schwarz=0.43.  Fehler:       	Weiß=1     	Schwarz=3     Ungenau:       	Weiß=2     	Schwarz=3     OK:         	Weiß=12    	Schwarz=6     Bester:       	Weiß=2     	Schwarz=1} 1-0

[Event "Lliga Catalana 2024"]
[Site "Catalonia"]
[Date "2024.01.20"]
[Round "1.2"]
[White "Glek, Igor"]
[Black "Guerra Mendez, Jose Angel"]
[Result "1/2-1/2"]
[ECO "B27"]
[WhiteElo "2423"]
[BlackElo "2500"]
[Annotator "TA"]
[PlyCount "46"]
[EventDate "2024.01.18"]
[EventType "team-tourn"]
[EventCountry "ESP"]
[SourceTitle "playchess.com"]
[Source "ChessBase"]
[SourceQuality "1"]
[TimeControl "5400+30"]

1. e4 c5 2. Nf3 g6 3. c3 d5 4. Bb5+ Bd7 5. Bxd7+ Qxd7 6. d3 {[%emt 0:00:44] B27: Sicilian: 2 Nf3, unusual Black 2nd moves.} Nc6 {[%emt 0:01:29] [#] Prevents Ne5.} 7. O-O $146 ({Predecessor:} 7. Qe2 Bg7 8. O-O Nf6 9. h3 O-O 10. e5 Ne8 11. Re1 Nc7 12. Nbd2 Ne6 13. Nb3 {1-0 Stremavicius,P (2209)-Vardanyan,A (2277) LTU-ch Vilnius 2021 (7)}) 7... dxe4 8. dxe4 Qxd1 9. Rxd1 Nf6 10. e5 Nd7 {[%emt 0:00:30] [#]} 11. e6 $1 fxe6 12. Nbd2 (12. Ng5 $142) 12... Bh6 13. Ne4 {[%emt 0:01:00] The position is equal.} Bxc1 14. Raxc1 h6 15. b4 b6 16. bxc5 bxc5 17. Rb1 O-O-O 18. Nfd2 Rhf8 19. h3 Rf5 20. Nc4 Rd5 {Prevents Ned6+.} 21. Re1 Kc7 22. Ne3 {[%emt 0:01:30][%mdl 1024] White has compensation.} Rd3 23. Rb5 a6 {[%emt 0:00:00] Not much happened in this game.   Weighted Error Value: White=0.07 (flawless) /Black=0.02 (flawless)} 1/2-1/2

[Event "Lliga Catalana 2024"]
[Site "Catalonia"]
[Date "2024.01.20"]
[Round "1.3"]
[White "Alonso Bouza, Julio Javier"]
[Black "Sabria Batlle, Pol"]
[Result "1-0"]
[ECO "B21"]
[WhiteElo "2357"]
[BlackElo "2282"]
[Annotator "RC"]
[PlyCount "53"]
[EventDate "2024.01.18"]
[EventType "team-tourn"]
[EventCountry "ESP"]
[SourceTitle "playchess.com"]
[Source "ChessBase"]
[SourceQuality "1"]
[TimeControl "5400+30"]

1. e4 c5 2. d3 Nc6 3. f4 g6 4. Nf3 Bg7 5. Be2 e6 6. O-O Nge7 7. c3 O-O 8. Be3 b6 9. Nbd2 d5 10. Bf2 d4 11. Rc1 dxc3 12. bxc3 Ba6 13. Nb3 Qc7 14. Bg3 Qd7 15. d4 Bxe2 16. Qxe2 cxd4 17. cxd4 Nxd4 18. Nfxd4 Bxd4+ 19. Nxd4 Qxd4+ 20. Bf2 Qd6 21. Bh4 Rac8 22. Bf6 Rxc1 23. Rxc1 Qxf4 24. Rf1 Qd6 25. Qe3 e5 26. Qh6 Nf5 27. Rxf5 1-0

[Event "Lliga Catalana 2024"]
[Site "Catalonia"]
[Date "2024.01.20"]
[Round "1.3"]
[White "Oms Fuentes, Lluis"]
[Black "Lorenzo De La Riva, Lazaro"]
[Result "0-1"]
[ECO "B18"]
[WhiteElo "2329"]
[BlackElo "2419"]
[Annotator "RC"]
[PlyCount "77"]
[EventDate "2024.01.18"]
[EventType "team-tourn"]
[EventCountry "ESP"]
[SourceTitle "playchess.com"]
[Source "ChessBase"]
[SourceQuality "1"]
[TimeControl "5400+30"]

1. e4 c6 2. d4 d5 3. Nc3 dxe4 4. Nxe4 Bf5 5. Ng3 Bg6 6. Nf3 Nd7 7. Bd3 e6 8. O-O Ngf6 9. c4 Be7 10. Bxg6 hxg6 11. b3 Qa5 12. Bb2 Ba3 13. Qc1 Bxb2 14. Qxb2 O-O-O 15. a4 Qc7 16. b4 Nh5 17. a5 Qf4 18. Rae1 Nhf6 19. a6 b6 20. Qc2 g5 21. Qa4 Kc7 22. d5 exd5 23. cxd5 Nxd5 24. Re4 Qf6 25. Rc4 Rh6 26. Rfc1 Ne7 27. b5 c5 28. Ne4 Qf5 29. Nexg5 Nd5 30. Ne4 Ne5 31. Nxe5 Qxe5 32. h3 f5 33. Nxc5 bxc5 34. Rxc5+ Kb8 35. Qc4 Rhh8 36. b6 axb6 37. Qb5 Qe6 38. Rc6 Rd6 39. R6c2 0-1

[Event "Lliga Catalana 2024"]
[Site "Catalonia"]
[Date "2024.03.09"]
[Round "1.3"]
[White "Benedetti, Julio"]
[Black "Porras Mateo, Felipe"]
[Result "1/2-1/2"]
[ECO "C54"]
[WhiteElo "2239"]
[BlackElo "2361"]
[Annotator "TA"]
[PlyCount "22"]
[EventDate "2024.01.18"]
[EventType "team-tourn"]
[EventCountry "ESP"]
[SourceTitle "playchess.com"]
[Source "ChessBase"]
[SourceQuality "1"]
[TimeControl "5400+30"]

1. e4 e5 2. Nf3 Nc6 3. Bc4 Nf6 4. d3 Bc5 5. c3 d6 6. a4 a5 7. O-O O-O 8. h3 h6 9. Re1 Be6 10. Nbd2 Ba7 11. Nf1 (11. Bxe6 $11 fxe6 12. Nc4) 11... d5 {[%emt 0:06:59] A rather calm draw.   Weighted Error Value: White=0.25 (precise) /Black=0.05 (flawless) .  Mistake:       	White=1     	Black=1      OK:         	White=1     	Black=2} (11... Nxe4 $15 12. Rxe4 d5 13. Bxd5 Bxd5) 1/2-1/2

[Event "Lliga Catalana 2024"]
[Site "Catalonia"]
[Date "2024.03.09"]
[Round "1.4"]
[White "Ribera Veganzones, Serni"]
[Black "Alfaro Rojas, Alfonso Jose"]
[Result "1/2-1/2"]
[ECO "B33"]
[WhiteElo "2361"]
[BlackElo "2317"]
[Annotator "TA"]
[PlyCount "91"]
[EventDate "2024.01.18"]
[EventType "team-tourn"]
[EventCountry "ESP"]
[SourceTitle "playchess.com"]
[Source "ChessBase"]
[SourceQuality "1"]
[TimeControl "5400+30"]

1. e4 c5 2. Nf3 Nc6 3. d4 cxd4 4. Nxd4 Nf6 5. Nc3 e5 6. Ndb5 d6 7. Nd5 Nxd5 8. exd5 Ne7 9. c4 Nf5 10. Bd3 g6 11. O-O a6 {[%emt 0:00:15] B33: Sicilian: Pelikan and Sveshnikov Variations.} 12. Nc3 Bg7 13. a4 O-O 14. a5 Re8 15. Bd2 Nd4 $146 ({Predecessor:} 15... Qh4 16. Ne4 h6 17. Qa4 Rd8 18. Rae1 Nd4 19. Bb4 f5 20. Nxd6 e4 21. Be2 Be5 {1-0 Berg,E (2120)-Pihlajasalo,A (2080) Four Nations U20 1994 (2)}) 16. b4 Bd7 17. Kh1 Rc8 18. Rc1 f5 19. f3 Qh4 20. Be1 Qg5 21. Bf2 Bh6 22. Rb1 Qd2 23. Qxd2 Bxd2 24. Ne2 (24. Bxd4 $15 exd4 25. Nd1) 24... e4 $1 $17 25. fxe4 fxe4 26. Nxd4 exd3 27. Nf3 Bh6 28. c5 (28. Rbd1 {was the only defense.}) 28... d2 $19 29. cxd6 $2 (29. Kg1 {is a better defense.}) 29... Rc3 $19 30. Bd4 Rd3 (30... Rc1 31. Nxd2 Rxf1+ 32. Nxf1 $14) 31. Ne5 Rxe5 (31... Rxd4 32. Nxd7 Rd8 (32... Rxd5 $2 33. Nf6+ Kh8 34. Nxe8 $18) 33. Ne5) 32. Bxe5 Rxd5 33. Bg3 Ba4 34. Rbd1 Rd4 35. Be5 {[%emt 0:02:53] [#]} Rc4 $2 (35... Rxb4 36. Bc3 Rf4 37. Rxf4 Bxf4 38. Bxd2 (38. d7 Bxd7 39. Bxd2 Bg4 $11) 38... Bxd1 39. Bxf4 $14) (35... Rd3 $1 $19 36. Bg3 Bxd1 37. Rxd1 Be3) 36. Bf6 $17 Rc1 (36... Rxb4 37. Bc3 Rf4 38. Rxf4 Bxf4 39. Bxd2 (39. d7 Bxd7 40. Bxd2 Bg4 $11) 39... Bxd1 40. Bxf4 $11) ({Black should try} 36... Rc8 $17 37. b5 (37. d7 $2 Bxd7 38. Bd4 Rc1 $19) 37... Bxd1) 37. h4 $1 $11 Rxd1 (37... Bxd1 $5 38. d7 $8 Bb3 39. d8=Q+ Kf7 $11 (39... Bf8 40. Kh2 $16)) 38. Rxd1 Kf7 (38... Bxd1 $5 39. d7 $8 Bb3 40. d8=Q+ (40. d8=B d1=Q+ 41. Kh2 Bf4+ 42. g3 Qe2+ 43. Kh1 Bd5+ 44. Kg1 Be3#) 40... Kf7 41. Qe7+ Kg8 42. Qd8+ (42. Qxb7 $2 d1=Q+ 43. Kh2 Qd6+ 44. g3 Qxf6 $19) 42... Kf7 43. Qc7+ Kg8 44. Qd8+ $11 (44. Qxb7 $2 d1=Q+ 45. Kh2 Qd6+ 46. g3 Qxf6 $19)) 39. d7 $1 Bxd1 (39... Bxd7 $2 40. Bg5 Bf8 (40... Bxg5 $2 41. hxg5 Bc6 42. Rxd2 $18) 41. Bxd2 $18) 40. d8=Q (40. d8=B Bf3 41. Bg5 d1=Q+ (41... d1=R+ $2 42. Kh2 $19) 42. Kh2 Qe2 (42... Qd6+ 43. Kh3 Qe6+ 44. Kg3 Qg4+ 45. Kf2 Qxg2+ 46. Ke3 Bg7 47. Bgf6 Bxf6 48. Bxf6 Kxf6 49. Kd3 Ke5 50. Kc3 Bd1 51. b5 Qc2+ 52. Kb4 Qb3+ 53. Kc5 Qxb5#) (42... Bxg5 43. hxg5 Qe2 44. Kg3 Bxg2 45. Kf4 Qe4+ 46. Kg3 Qf3+ 47. Kh2 Bf1 48. Kg1 Qg2#) 43. Kg3 Bxg2 (43... Qxg2+ 44. Kf4 Qe2 45. Bxh6 Bd5 46. h5 gxh5 47. Bdg5 Qe4+ 48. Kg3 Qf3+ 49. Kh4 Qg4#) 44. Kf4 Qf3+ 45. Ke5 Bg7+) 40... Bg4 $2 (40... Bb3 $11 41. Qc7+ Kg8 42. Qd8+ (42. Qxb7 $2 {perishes.} d1=Q+ 43. Kh2 Qd6+ 44. g3 Qxf6 $19) 42... Kf7 43. Qe7+ Kg8 44. Qd8+ (44. Qxb7 $2 d1=Q+ 45. Kh2 Qd6+ 46. g3 Qxf6 $19) 44... Kf7) 41. Qe7+ Kg8 42. Qd8+ Kf7 43. Qe7+ Kg8 44. Qd8+ Kf7 {[%emt 0:00:32] [#]} 45. Qd5+ $1 Kxf6 46. Kg1 $4 (46. Qxb7 {gets mated.} d1=Q+ (46... d1=B $2 {loses.} 47. Qxa6+ Ke7 48. Qb7+ Bd7 49. b5 $18) 47. Kh2 Bf4+ 48. g3 Bf3) (46. Qd4+ $18 Kf5 47. Qd7+ Ke4 48. Qxg4+ Kd3 49. Qd1) 1/2-1/2

[Event "Lliga Catalana 2024"]
[Site "Catalonia"]
[Date "2024.01.20"]
[Round "1.4"]
[White "Alonso Moyano, Jonathan"]
[Black "Jimenez Ruano, Adrian"]
[Result "1-0"]
[ECO "B90"]
[WhiteElo "2331"]
[BlackElo "2307"]
[Annotator "RC"]
[PlyCount "57"]
[EventDate "2024.01.18"]
[EventType "team-tourn"]
[EventCountry "ESP"]
[SourceTitle "playchess.com"]
[Source "ChessBase"]
[SourceQuality "1"]
[TimeControl "5400+30"]

1. e4 c5 2. Nf3 d6 3. d4 cxd4 4. Nxd4 Nf6 5. Nc3 a6 6. f3 e5 7. Nb3 Be7 8. Be3 Be6 9. Qd2 h5 10. Be2 Nbd7 11. Nd5 Nxd5 12. exd5 Bf5 13. Na5 Qc7 14. c4 O-O 15. O-O Bf6 16. Rac1 b6 17. Nc6 Nb8 18. f4 Nxc6 19. fxe5 Nxe5 20. Rxf5 Ng4 21. Bxg4 hxg4 22. Rxf6 gxf6 23. Bd4 Kh7 24. Qd3+ Kg7 25. Qf5 Rg8 26. Qxf6+ Kh7 27. Qh4+ Kg6 28. Qxg4+ Kh6 29. Be3+ 1-0

[Event "Lliga Catalana 2024"]
[Site "Catalonia"]
[Date "2024.01.20"]
[Round "1.4"]
[White "Aymerich Verdaguer, Eduard"]
[Black "Alonso Garcia, Rene Marcial"]
[Result "1/2-1/2"]
[ECO "D94"]
[WhiteElo "2218"]
[BlackElo "2295"]
[Annotator "RC"]
[PlyCount "96"]
[EventDate "2024.01.18"]
[EventType "team-tourn"]
[EventCountry "ESP"]
[SourceTitle "playchess.com"]
[Source "ChessBase"]
[SourceQuality "1"]
[TimeControl "5400+30"]

1. d4 Nf6 2. c4 g6 3. Nc3 d5 4. Nf3 Bg7 5. e3 O-O 6. cxd5 Nxd5 7. Bc4 Nb6 8. Bb3 Nc6 9. O-O e5 10. d5 Na5 11. e4 h6 12. Be3 Nac4 13. Bc5 Nd6 14. Nd2 Nd7 15. Be3 b6 16. Qe2 Nf6 17. f3 Nh5 18. g3 f5 19. exf5 gxf5 20. Rac1 Qe8 21. Kh1 f4 22. gxf4 exf4 23. Bf2 Bf5 24. Qxe8 Raxe8 25. Rfe1 Bd3 26. Nce4 Be5 27. Bc2 Bxc2 28. Rxc2 Nf5 29. Nb3 Kh8 30. Rce2 Bg7 31. Nc3 Rd8 32. Nb5 Rd7 33. Nxa7 Rxd5 34. Nc6 Rd3 35. Ne5 Bxe5 36. Rxe5 Rxf3 37. Kg2 Rd3 38. Nd4 f3+ 39. Kf1 Nxd4 40. Rxh5 Rf6 41. Rd5 Rd6 42. Bxd4+ Rxd4 43. Rxd4 Rxd4 44. Re8+ Kg7 45. Re7+ Kf6 46. Rxc7 Rd1+ 47. Kf2 Rd2+ 48. Kxf3 Rxb2 1/2-1/2

[Event "Lliga Catalana 2024"]
[Site "Catalonia"]
[Date "2024.01.20"]
[Round "1.5"]
[White "Masague Artero, Guerau"]
[Black "Villa Tornero, Alex"]
[Result "0-1"]
[ECO "A70"]
[WhiteElo "2324"]
[BlackElo "2321"]
[Annotator "RC"]
[PlyCount "116"]
[EventDate "2024.01.18"]
[EventType "team-tourn"]
[EventCountry "ESP"]
[SourceTitle "playchess.com"]
[Source "ChessBase"]
[SourceQuality "1"]
[TimeControl "5400+30"]

1. d4 Nf6 2. c4 e6 3. Nc3 c5 4. d5 exd5 5. cxd5 d6 6. e4 g6 7. Nf3 Bg7 8. Bd3 O-O 9. h3 b5 10. Nxb5 Re8 11. O-O Nxe4 12. Re1 a6 13. Nc3 Nxc3 14. bxc3 Rxe1+ 15. Qxe1 Nd7 16. Rb1 Ne5 17. Nxe5 Bxe5 18. Bh6 Bd7 19. Qd2 Rb8 20. Rxb8 Qxb8 21. f4 Bf6 22. Bxa6 Qb6 23. Bc4 Qa5 24. Qe2 Qxc3 25. Bb5 Qc1+ 26. Kh2 Bg7 27. Bxd7 Bxh6 28. g3 Bg7 29. Qe8+ Bf8 30. Qe2 c4 31. f5 c3 32. Ba4 Qg5 33. Bc2 Be7 34. h4 Qf6 35. Qe4 Kg7 36. Kg2 Bd8 37. a4 Bb6 38. Kh3 Qxf5+ 39. Qxf5 gxf5 40. Bxf5 h5 41. g4 Kf6 42. Bc2 Ke5 43. Bb3 hxg4+ 44. Kxg4 Ke4 45. h5 f5+ 46. Kh3 f4 47. h6 f3 48. h7 Bd4 49. a5 Kd3 50. a6 f2 51. Kg2 Ke2 52. Bc4+ Ke1 53. a7 c2 54. a8=Q c1=Q 55. Qe8+ Be5 56. h8=Q Qg5+ 57. Kf3 Qf4+ 58. Kg2 Qg3+ 0-1

[Event "Lliga Catalana 2024"]
[Site "Catalonia"]
[Date "2024.01.20"]
[Round "1.5"]
[White "Ortega Serra, Marc"]
[Black "Juan Albert, Garcia Caro"]
[Result "1-0"]
[ECO "B07"]
[WhiteElo "2265"]
[BlackElo "2205"]
[Annotator "RC"]
[PlyCount "77"]
[EventDate "2024.01.18"]
[EventType "team-tourn"]
[EventCountry "ESP"]
[SourceTitle "playchess.com"]
[Source "ChessBase"]
[SourceQuality "1"]
[TimeControl "5400+30"]

1. d4 Nf6 2. Nf3 g6 3. g3 Bg7 4. Bg2 O-O 5. O-O d6 6. a4 Nbd7 7. a5 c6 8. Nc3 Qc7 9. e4 e5 10. h3 Re8 11. dxe5 dxe5 12. Be3 Bf8 13. Nd2 Nh5 14. Nc4 Nc5 15. Na4 Nxa4 16. Rxa4 Be6 17. Qe2 c5 18. Rfa1 Rad8 19. Bd2 f6 20. Bc3 Bd7 21. R4a3 Qc8 22. Kh2 Bb5 23. Bf1 Kh8 24. Qf3 Bc6 25. g4 Ng7 26. Qxf6 Bxe4 27. Nxe5 Rd4 28. Bxd4 cxd4 29. Bc4 Rxe5 30. Qxe5 Qc6 31. Qb5 Qc7+ 32. Rg3 a6 33. Qb3 h5 34. Kg1 h4 35. Rf3 Bd6 36. Bd5 Bxf3 37. Bxf3 Bh2+ 38. Kf1 Qf4 39. Re1 1-0